 Dungeon Crawl Stone Soup version 0.23.0 (webtiles) character file.

Game seed: 14270416746518763425

189037 Jannitor the Spry (level 17, -4/93 HPs)
             Began as a Spriggan Skald on Feb 18, 2019.
             Was a High Priest of Okawaru.
             Slain by Agnes
             ... wielding a +2 antimagic lajatang
              (28 damage)
             ... on level 15 of the Dungeon on Feb 19, 2019.
             The game lasted 02:46:45 (56451 turns).

Jannitor the Spry (Spriggan Skald)                 Turns: 56451, Time: 02:46:46

Health: -4/93      AC: 11    Str: 12    XL:     17   Next: 49%
Magic:  0/32       EV: 36    Int: 17    God:    Okawaru [*****.]
Gold:   1310       SH:  0    Dex: 19    Spells: 25/36 levels left

rFire    . . .     SeeInvis +   a - +3 rapier (elec)
rCold    . . .     Gourm    .   (shield restricted)
rNeg     . . .     Faith    .   k - +3 robe of Clouds {+Thunder rCloud rElec}
rPois    +         Spirit   .   v - +2 hat "Zyonem" {Int+3 Dex+3}
rElec    +         Reflect  .   Y - +2 cloak {MR+}
rCorr    .         Harm     .   (gloves unavailable)
MR       ++++.                  (boots unavailable)
Stlth    +++++.....             N - amulet of rage
HPRegen  0.25/turn              f - ring of poison resistance
MPRegen  0.23/turn              g - ring of protection from magic

@: heroism, very quick
A: very small, unfitting armour, see invisible, dopey 1, herbivore, speed 3,
mutation resistance 1, slow metabolism 2
}: 1/15 runes: gossamer
a: Heroism, Finesse, Renounce Religion, Evoke Thunderclouds, Evoke Berserk Rage


You were on level 15 of the Dungeon.
You worshipped Okawaru.
Okawaru was extremely pleased with you.
You were not hungry.

You visited 6 branches of the dungeon, and saw 30 of its levels.
You also visited: Volcano.

You collected 3100 gold pieces.
You spent 1790 gold pieces at shops.

Inventory:

Hand Weapons
 a - a +3 rapier of electrocution (weapon)
 b - the +6 hand crossbow "Ureuc" {elec, rPois Dex+4}
   (You found it on level 1 of the Shoals)

   It charges the ammunition it shoots with electricity; occasionally upon a
   hit, such missiles may discharge and cause terrible harm.
   It affects your dexterity (+4).
   It protects you from poison.
 i - a +0 rapier of flaming
 I - the +9 dagger of Punishment {holy, SInv}
   (You found it on level 1 of the Lair of Beasts)

   It has been blessed by the Shining One to cause great damage to the undead
   and demons.
   It lets you see invisible.
 O - a +9 shortbow of freezing
 S - a +1 hand crossbow of velocity
Missiles
 t - 480 arrows
 x - 371 bolts
 D - 8 exploding tomahawks (quivered)
Armour
 k - the +3 robe of Clouds (worn) {+Thunder rCloud rElec}
   (You found it on level 1 of the Shoals)

   It insulates you from electricity.
 n - +1 acid dragon scales
 p - the +1 hat of Wonder {rC- rN+++ Regen+ Int-3}
   (Okawaru gifted it to you on level 1 of the Shoals)

   It affects your intelligence (-3).
   It makes you vulnerable to cold.
   It renders you almost immune to negative energy.
   It increases your rate of regeneration.
 v - the +2 hat "Zyonem" (worn) {Int+3 Dex+3}
   (Okawaru gifted it to you on level 5 of the Lair of Beasts)

   It affects your intelligence (+3).
   It affects your dexterity (+3).
 y - the +2 hat of Exclusion {Int+4 Stlth+, unknown}
   (Okawaru gifted it to you on level 15 of the Dungeon)

   It affects your intelligence (+4).
   It makes you more stealthy.
 F - a scarf of repulsion
 Y - a +2 cloak of magic resistance (worn)
Jewellery
 c - an uncursed ring of protection from cold {unknown}
 f - a ring of poison resistance (left hand)
 g - a ring of protection from magic (right hand)
 s - an uncursed ring of positive energy
 N - an amulet of rage (around neck)
Wands
 m - a wand of scattershot (9)
 E - a wand of flame (101)
 G - a wand of iceblast (13)
 J - a wand of acid (10)
 K - a wand of paralysis (44)
 R - a wand of disintegration (9)
 V - a wand of polymorph (37)
 Z - a wand of clouds (6)
Scrolls
 e - 2 scrolls of magic mapping
 h - 7 scrolls of amnesia
 j - 14 scrolls of teleportation
 l - 3 scrolls of fear
 o - 14 scrolls of remove curse
 q - 6 scrolls of identify
 u - a scroll of silence
 Q - a scroll of enchant weapon
 T - 2 scrolls of enchant armour
Potions
 w - 7 potions of flight
 z - 2 potions of mutation
 A - 3 potions of agility
 B - 3 potions of magic
 C - a potion of haste
 H - a potion of lignification
 L - 3 potions of ambrosia
 M - 3 potions of cancellation
 P - 2 potions of curing
 W - a potion of brilliance
Comestibles
 d - 19 rations


   Skills:
 + Level 12.2(17.2) Fighting
 - Level 14.0(19.0) Short Blades
 - Level 14.0(19.0) Bows
 + Level 13.8(18.8) Crossbows
 - Level 3.5(8.5) Throwing
 - Level 7.0(12.0) Armour
 * Level 15.9(20.9) Dodging
 - Level 7.0(12.0) Stealth
 - Level 10.4 Spellcasting
 - Level 2.2 Hexes
 - Level 7.7 Charms
 - Level 2.8 Necromancy
 - Level 6.1 Invocations
 + Level 10.6 Evocations


You had 25 spell levels left.
You knew the following spells:

 Your Spells              Type           Power        Failure   Level  Hunger
a - Infusion              Chrm           ####         1%          1    None
b - Shroud of Golubria    Chrm/Tloc      ###.......   2%          2    None
c - Regeneration          Chrm/Necr      ####......   2%          3    None
d - Spectral Weapon       Hex/Chrm       ####....     3%          3    None
e - Song of Slaying       Chrm           #####...     1%          2    None

Your spell library contained the following spells:

 Spells                   Type           Power        Failure   Level  Hunger
 Animate Skeleton         Necr           N/A          2%          1    None
 Pain                     Necr           ###.         2%          1    None
 Ozocubu's Armour         Chrm/Ice       ###.....     4%          3    None
 Vampiric Draining        Necr           ###.......   8%          3    None
 Freeze                   Ice            #...         9%          1    None
 Magic Dart               Conj           #...         9%          1    None
 Sandblast                Erth           #.....       9%          1    None
 Passwall                 Tmut/Erth      #.......     12%         2    None
 Searing Ray              Conj           #.....       12%         2    None
 Throw Frost              Conj/Ice       #.....       12%         2    None
 Dazzling Spray           Conj/Hex       ##....       16%         3    None
 Stone Arrow              Conj/Erth      #.....       24%         3    None
 Animate Dead             Necr           N/A          26%         4    ###....
 Fulminant Prism          Conj/Hex       ##........   45%         4    ###....
 Force Lance              Conj/Tloc      #.......     63%         4    ###....
 Ice Form                 Ice/Tmut       #.......     63%         4    ###....
 Iskenderun's Mystic Bla  Conj           #.......     63%         4    ###....
 Petrify                  Tmut/Erth      #.......     63%         4    ###....
 Summon Ice Beast         Ice/Summ       #.......     63%         4    ###....
 Summon Lightning Spire   Summ/Air       #.......     63%         4    ###....
 Throw Icicle             Conj/Ice       #.......     63%         4    ###....
 Metabolic Englaciation   Hex/Ice        ##........   82%         5    #####..
 Silence                  Hex/Air        ##........   82%         5    #####..
 Lee's Rapid Deconstruct  Erth           #.........   92%         5    #####..
 Deflect Missiles         Chrm/Air       ###.......   95%         6    ######.
 Bolt of Cold             Conj/Ice       #.........   100%        6    ######.
 Conjure Ball Lightning   Conj/Air       #.........   100%        6    ######.
 Freezing Cloud           Conj/Ice/Air   #.........   100%        6    ######.
 Ozocubu's Refrigeration  Ice            #.........   100%        6    ######.
 Simulacrum               Ice/Necr       ##........   100%        6    ######.
 Tornado                  Air            #.........   100%        9    #######


Dungeon Overview and Level Annotations

Branches:
Dungeon (15/15)            Temple (0/1) D:7            Lair (6/6) D:9
 Shoals (2/4) Lair:4       Spider (4/4) Lair:4        Slime (0/5) Lair:5
    Orc (2/2) D:9             Elf (0/3) Orc:2        Vaults (1/5) D:14
 Depths (0/5) D:15

Altars:
Ashenzari
Dithmenos
Gozag
Kikubaaqudgha
Makhleb
Okawaru
Sif Muna
Trog
Xom
Yredelemnul
Jiyva

Shops:
D:7 [   D:9 :   D:11 *   Orc:2 (:}**

Annotations:
D:2 1 runed translucent door, Crazy Yiuf
D:5 exclusion: 2 doors
D:6 1 exclusion
D:15 Agnes
Lair:3 3 runed translucent doors, exclusion: oklob plant, harness's ghost, adept HaSk
Lair:6 1 exclusion
Shoals:1 exclusion: downstairs, sangerfol's ghost, adept FoFi
Spider:3 2 transporters, op1's ghost, adept OpVM


Innate Abilities, Weirdness & Mutations

You are very small and have problems with some larger weapons.
You are too small for most types of armour.
You have supernaturally acute eyesight. (SInv)
You are a herbivore.
You cover ground extremely quickly.
You need to consume almost no food.
You are dopey. (Int -2)
You are somewhat resistant to further mutation.


Message History

Here: Agnes, wielding a +2 antimagic lajatang and wearing a +0 robe (thunder, heavily wounded)
The floor, spattered with blood.
Unknown command.
You hit Agnes.
Agnes is heavily wounded.
Agnes hits you with a +2 antimagic lajatang!
You feel your power leaking away.
Lightning arcs down from a storm cloud!
Agnes asks, "Have you seen my kris anywhere?"
There is a stone staircase leading up here.
Your hands slow down.
Throwing (i - inventory. (/) - cycle)
r - a throwing net (quivered)
Press: ? - help, Shift-Dir - straight line, f/p - Agnes
Aim: Agnes, wielding a +2 antimagic lajatang and wearing a +0 robe (heavily wounded)
You throw a throwing net. The throwing net misses Agnes.
Agnes hits you with a +2 antimagic lajatang!!
* * * LOW HITPOINT WARNING * * *
You feel your power leaking away.
Agnes hits you with a +2 antimagic lajatang!!
You die...

#.##§.§§§§.§§≈≈...#
#.##.≈§≈§§.§≈≈≈§..#
#..#..≈#≈§§≈§#≈...#
##.#..≈≈≈≈#≈≈≈≈...#
#####..#...≈.§.≈.......
#.......<............##
#.####.##........... .
#.# #.##.#######.##.
#.####@##.# #.##...i..#
#.##.##.#.# #.##.#..#.#
# #.##.#....# #
#.##.#....###### #
#.##.#.......... #
#.##.#.......... #
#.##...[#(######


You could see Agnes.

Vanquished Creatures
  Nikola (Spider:3)
  Kirke (Lair:5)
  A fire giant (D:15)
  3 ghost moths
  5 emperor scorpions
  2 entropy weavers (Spider:2)
  6 dire elephants (Lair:6)
  3 spark wasps (Spider:4)
  Snorg (D:10)
  A merfolk impaler (Shoals:1)
  Fannar (Lair:1)
  A rakshasa (D:14)
  6 hydras
  An anaconda (Lair:6)
  2 dancing weapons
  6 ogre magi
  2 centaur warriors
  24 two-headed ogres
  9 death yaks
  8 death scarabs (Spider:4)
  Urug (D:10)
  A tengu warrior (D:14)
  A spectral emperor scorpion (Spider:4)
  A fire crab (shapeshifter) (D:15)
  3 sea snakes
  An unseen horror (D:11)
  4 spectral wolf spiders (Spider:4)
  7 orc knights
  A wizard (D:13)
  3 deep elf magi
  An ugly thing (D:13)
  9 orb spiders
  2 orc sorcerers
  A salamander (shapeshifter) (D:13)
  A manticore (shapeshifter) (D:13)
  9 fauns
  4 cyclopes
  4 manticores
  23 wolf spiders
  3 moths of wrath
  8 elephants
  2 centaur zombies
  3 salamanders (Volcano)
  Maurice (D:8)
  A water nymph (Shoals:1)
  2 merfolk sirens (Shoals:1)
  A black mamba (Lair:3)
  A gargoyle (D:14)
  10 spiny frogs
  A rime drake (Lair:2)
  2 spectral redbacks (Spider:4)
  2 redback zombies (Spider:4)
  5 komodo dragons
  17 demonic crawlers
  A yaktaur (D:13)
  A kobold demonologist (D:8)
  7 trolls
  3 hornets (Spider:4)
  7 merfolk (Shoals:1)
  42 jumping spiders
  3 spectral jumping spiders (Spider:4)
  4 snapping turtles (Shoals:1)
  Grinder (D:3)
  8 blink frogs
  10 slime creatures (D:13)
  7 hippogriffs
  A polar bear (Lair:2)
  A jumping spider (shapeshifter) (D:13)
  2 spectral tarantellas (Spider:4)
  3 jumping spider zombies (Spider:4)
  2 tarantella zombies (Spider:4)
  61 redbacks
  Sigmund (D:6)
  18 tarantellas
  3 wraiths
  9 fire bats
  10 hogs
  7 wyverns
  5 basilisks
  19 yaks
  A human (D:7)
  8 vampire mosquitoes
  2 hungry ghosts
  4 steam dragons
  A redback simulacrum (D:15)
  2 soldier ants
  3 wargs
  2 acid dragons
  2 hell hounds (D:15)
  2 spectral hornets (Spider:4)
  13 water moccasins
  16 porcupines
  3 black bears
  4 ice beasts
  6 sky beasts
  A hornet zombie (Spider:4)
  39 orc warriors
  4 phantoms
  An eye of draining (D:12)
  15 ogres
  3 wolves (D:9)
  24 centaurs
  4 boggarts
  19 crocodiles
  Blork the orc (D:6)
  17 bullfrogs
  3 scorpions
  A wyvern skeleton (D:14)
  A troll zombie (D:9)
  9 killer bees
  16 wights
  5 howler monkeys
  An electric eel (Spider:3)
  3 crimson imps
  4 jellies
  2 quasits
  3 bullfrog zombies
  24 orc wizards
  2 bullfrog skeletons
  4 centaur skeletons
  4 hounds
  15 orc priests
  3 iron imps (D:9)
  Jessica (D:2)
  9 iguanas
  Natasha (thrice) (D:3)
  7 worker ants
  7 ogre zombies (D:9)
  2 hound skeletons
  3 worker ant zombies
  4 gnolls (D:5)
  11 adders
  8 shadow imps
  2 oozes
  2 adder skeletons
  5 worms
  5 dart slugs
  2 leopard geckos
  79 orcs
  8 bats
  10 giant cockroaches
  8 goblins
  3 hobgoblins
  21 jackals
  7 quokkas
  2 ball pythons
  5 frilled lizards
  4 goblin skeletons (D:9)
  2 goblin zombies (D:9)
  3 hobgoblin skeletons (D:9)
  6 kobolds
  A leopard gecko skeleton (D:4)
  2 orc skeletons (D:9)
  14 orc zombies (D:9)
  9 rats
  6 plants
1014 creatures vanquished.

Vanquished Creatures (others)
  A steam dragon (Volcano)
  A boggart (D:12)
  7 fungi
  23 plants
32 creatures vanquished.

Grand Total: 1046 creatures vanquished

Notes
Turn   | Place    | Note
-------+----------+-------------------------------------------
     0 | D:1      | Jannitor the Spriggan Skald began the quest for the Orb.
     0 | D:1      | Reached XP level 1. HP: 10/10 MP: 5/5
   327 | D:2      | Noticed Jessica
   352 | D:1      | Reached skill level 1 in Stealth
   352 | D:1      | Reached XP level 2. HP: 7/15 MP: 2/6
  1159 | D:1      | Learned a level 2 spell: Shroud of Golubria
  1287 | D:1      | Reached skill level 4 in Dodging
  1365 | D:1      | Reached XP level 3. HP: 18/18 MP: 2/8
  1586 | D:2      | Found a runed translucent door.
  1587 | D:2      | Noticed Crazy Yiuf
  2240 | D:2      | Found a basalt altar of Yredelemnul.
  2547 | D:2      | Reached XP level 4. HP: 23/23 MP: 2/9
  3180 | D:3      | Noticed Grinder
  3541 | D:3      | Found a shadowy altar of Dithmenos.
  4337 | D:4      | Reached XP level 5. HP: 27/27 MP: 2/10
  4406 | D:4      | Learned a level 3 spell: Regeneration
  4410 | D:4      | Learned a level 3 spell: Spectral Weapon
  5371 | D:4      | Reached skill level 5 in Dodging
  5371 | D:4      | Reached skill level 5 in Stealth
  5431 | D:4      | Reached XP level 6. HP: 31/32 MP: 5/11
  5616 | D:4      | Reached skill level 1 in Hexes
  5707 | D:4      | Reached skill level 1 in Necromancy
  5968 | D:4      | Reached skill level 1 in Throwing
  6362 | D:4      | Identified the cursed +0 robe of Vlad {rElec rPois}
  6907 | D:4      | Reached XP level 7. HP: 33/35 MP: 12/12
  7009 | D:5      | Entered Level 5 of the Dungeon
  7221 | D:3      | Noticed Natasha
  7230 | D:3      | Killed Natasha
  7430 | D:3      | Noticed Natasha
  7444 | D:3      | Killed Natasha
  7525 | D:3      | Noticed Natasha
  7545 | D:3      | Killed Natasha
  7885 | D:2      | Killed Jessica
  8887 | D:6      | Found a shimmering altar of Xom.
  9195 | D:6      | Noticed Sigmund
  9462 | D:6      | Reached skill level 6 in Dodging
  9775 | D:5      | Found an iron altar of Okawaru.
  9781 | D:5      | Became a worshipper of Warmaster Okawaru
  9943 | D:5      | Gained mutation: You are dopey. (Int -2) [potion of
                  | mutation]
  9943 | D:5      | Gained mutation: You are somewhat resistant to further
                  | mutation. [potion of mutation]
  9967 | D:5      | Reached XP level 8. HP: 16/40 MP: 0/14
 11330 | D:6      | Noticed Blork the orc
 11540 | D:7      | Reached skill level 5 in Short Blades
 11549 | D:7      | Found a staircase to the Ecumenical Temple.
 11700 | D:7      | Found Unoridgh's Antique Armour Emporium.
 11730 | D:7      | Reached skill level 7 in Dodging
 12016 | D:6      | Reached * piety under Okawaru
 12159 | D:7      | Reached skill level 1 in Bows
 12159 | D:7      | Reached skill level 5 in Spellcasting
 12355 | D:7      | Reached XP level 9. HP: 45/45 MP: 16/18
 12637 | D:7      | Reached ** piety under Okawaru
 12728 | D:7      | Found a burning altar of Makhleb.
 13205 | D:6      | Killed Blork the orc
 13205 | D:6      | Reached skill level 5 in Bows
 14017 | D:4      | Noticed a moth of wrath
 14020 | D:4      | Found a bloodstained altar of Trog.
 14160 | D:3      | Killed Grinder
 14160 | D:3      | Reached *** piety under Okawaru
 14888 | D:7      | Found a deep blue altar of Sif Muna.
 15059 | D:8      | Noticed a kobold demonologist
 15065 | D:8      | Killed a kobold demonologist
 15065 | D:8      | Received a gift from Okawaru
 15176 | D:8      | Found an opulent altar of Gozag.
 15243 | D:8      | Reached XP level 10. HP: 49/49 MP: 24/24
 15329 | D:8      | Noticed Maurice
 15346 | D:8      | Killed Maurice
 15766 | D:9      | Found a staircase to the Orcish Mines.
 16072 | D:9      | Received a gift from Okawaru
 16279 | D:9      | Reached skill level 10 in Spellcasting
 16444 | D:9      | Found Hownoatwo's Book Shop.
 16456 | D:9      | Found an ancient bone altar of Kikubaaqudgha.
 16810 | D:9      | Found a staircase to the Lair.
 16838 | D:9      | Reached **** piety under Okawaru
 16917 | D:9      | Found a burning altar of Makhleb.
 17236 | D:9      | Reached skill level 8 in Dodging
 17379 | D:10     | Entered Level 10 of the Dungeon
 17541 | D:10     | Noticed Urug
 17678 | D:10     | Noticed Snorg
 17893 | D:10     | Killed Snorg
 17893 | D:10     | Received a gift from Okawaru
 17893 | D:10     | Reached skill level 10 in Bows
 17893 | D:10     | Reached XP level 11. HP: 44/54 MP: 26/26
 18062 | D:10     | Reached ***** piety under Okawaru
 18062 | D:10     | Reached skill level 5 in Fighting
 18105 | D:10     | Reached skill level 9 in Dodging
 18683 | D:11     | Received a gift from Okawaru
 19183 | D:11     | Noticed an unseen horror
 19196 | D:11     | Killed an unseen horror
 19196 | D:11     | Received a gift from Okawaru
 19523 | D:11     | Noticed a two-headed ogre
 19561 | D:11     | Reached skill level 1 in Armour
 19570 | D:11     | Killed a two-headed ogre
 19570 | D:11     | Received a gift from Okawaru
 19818 | D:11     | Found Loaga's Serpentskin Sales.
 19972 | Lair:1   | Entered Level 1 of the Lair of Beasts
 19972 | Lair:1   | Noticed Fannar
 20176 | Orc:1    | Entered Level 1 of the Orcish Mines
 20183 | Orc:1    | Noticed an orc sorcerer
 20192 | Orc:1    | Killed an orc sorcerer
 20234 | Orc:1    | Noticed an orc sorcerer
 20303 | D:9      | Reached skill level 1 in Invocations
 20462 | D:9      | Killed an orc sorcerer
 20614 | Orc:1    | Learned a level 2 spell: Song of Slaying
 20623 | Orc:1    | Found a dark tunnel.
 20636 | Volcano  | Entered a volcano
 20638 | Volcano  | Noticed a two-headed ogre
 20650 | Volcano  | Reached XP level 12. HP: 62/62 MP: 25/27
 20652 | Volcano  | Killed a two-headed ogre
 21448 | Volcano  | Noticed a two-headed ogre
 21467 | Volcano  | Killed a two-headed ogre
 21467 | Volcano  | Received a gift from Okawaru
 21483 | Volcano  | Noticed a two-headed ogre
 21509 | Volcano  | Killed a two-headed ogre
 21565 | Volcano  | Noticed a two-headed ogre
 21575 | Volcano  | Killed a two-headed ogre
 21575 | Volcano  | Received a gift from Okawaru
 21588 | Volcano  | Noticed a fire dragon
 21588 | Volcano  | Noticed a two-headed ogre
 21640 | Volcano  | Killed a two-headed ogre
 22076 | Volcano  | HP: 2/63 [fire dragon/blast of flame (60)]
 22621 | Orc:2    | Entered Level 2 of the Orcish Mines
 22621 | Orc:2    | Found a staircase to the Elven Halls.
 23431 | Orc:2    | Noticed a centaur warrior
 23918 | D:10     | Killed Urug
 23918 | D:10     | Reached skill level 10 in Dodging
 24453 | D:12     | Received a gift from Okawaru
 24671 | D:12     | Noticed a two-headed ogre
 24699 | D:11     | Killed a two-headed ogre
 24964 | D:12     | Received a gift from Okawaru
 24964 | D:12     | Reached skill level 5 in Invocations
 25324 | D:12     | Noticed a centaur warrior
 25765 | Lair:1   | Got a smoking dagger
 25773 | Lair:1   | Identified the +9 dagger of Punishment {holy, SInv} (You
                  | found it on level 1 of the Lair of Beasts)
 25840 | Lair:1   | Reached XP level 13. HP: 67/67 MP: 28/28
 25896 | Lair:1   | Received a gift from Okawaru
 26213 | Lair:1   | Reached skill level 10 in Short Blades
 26518 | Lair:1   | Killed Fannar
 27069 | Lair:2   | Reached skill level 11 in Dodging
 27138 | Lair:2   | Received a gift from Okawaru
 27834 | Lair:3   | Received a gift from Okawaru
 28324 | Lair:3   | Found a runed translucent gate.
 28324 | Lair:3   | Noticed harness's ghost (adept HaSk)
 28325 | Lair:3   | Found a runed translucent gate.
 28326 | Lair:3   | Found a runed translucent gate.
 28951 | Lair:4   | Found a hole to the Spider Nest.
 28969 | Lair:4   | Found a staircase to the Shoals.
 29387 | Lair:5   | Noticed Kirke
 29412 | Lair:5   | Reached skill level 5 in Charms
 29551 | Lair:5   | Killed Kirke
 29551 | Lair:5   | Reached skill level 12 in Dodging
 29613 | Lair:5   | Received a gift from Okawaru
 29632 | Lair:5   | Got a crude hat {god gift}
 29647 | Lair:5   | Identified the +2 hat "Zyonem" {Int+3 Dex+3} (Okawaru
                  | gifted it to you on level 5 of the Lair of Beasts)
 29867 | Lair:5   | Found a staircase to the Slime Pits.
 29868 | Lair:5   | Found a viscous altar of Jiyva.
 30082 | Lair:5   | Reached ****** piety under Okawaru
 30551 | Lair:6   | Entered Level 6 of the Lair of Beasts
 30576 | Lair:5   | Reached XP level 14. HP: 62/74 MP: 29/29
 32363 | D:6      | Killed Sigmund
 32616 | D:6      | Found a shimmering altar of Xom.
 32942 | D:12     | Received a gift from Okawaru
 33361 | D:13     | Received a gift from Okawaru
 33674 | D:13     | Received a gift from Okawaru
 33883 | D:13     | Found a runed translucent door.
 33883 | D:13     | Found a runed translucent door.
 33936 | D:13     | Reached skill level 5 in Armour
 33981 | D:13     | Received a gift from Okawaru
 34090 | D:13     | Got a brightly glowing glass ring
 34133 | D:13     | Identified the ring of Ipalapri {*Tele Slay+3} (You found
                  | it on level 13 of the Dungeon)
 34390 | D:14     | Found a gate to the Vaults.
 34493 | D:14     | Found a shattered altar of Ashenzari.
 34529 | D:14     | Received a gift from Okawaru
 35006 | D:14     | Reached skill level 10 in Fighting
 35882 | D:15     | Entered Level 15 of the Dungeon
 35882 | D:15     | Found a staircase to the Depths.
 35882 | D:15     | Noticed a fire giant
 36539 | Orc:2    | Reached skill level 1 in Evocations
 36780 | Orc:2    | Reached XP level 15. HP: 80/80 MP: 30/30
 36906 | Orc:2    | Found Luzogodi's Assorted Antiques.
 37018 | Orc:2    | Found Juiczamn's Gadget Shop.
 37018 | Orc:2    | Found Imaen's Book Emporium.
 37020 | Orc:2    | Found Houmaph's Weapon Shoppe.
 37022 | Orc:2    | Found Xinuahir's Assorted Antiques.
 37851 | Orc:2    | Bought a manual of Crossbows for 1656 gold pieces
 37853 | Orc:2    | Bought a +1 hand crossbow of velocity for 134 gold pieces
 38176 | Lair:6   | Reached skill level 1 in Crossbows
 38504 | Lair:6   | Received a gift from Okawaru
 38896 | Lair:6   | Received a gift from Okawaru
 39402 | Spider:1 | Entered Level 1 of the Spider Nest
 39425 | Spider:1 | Received a gift from Okawaru
 39585 | Spider:1 | Reached skill level 5 in Evocations
 39590 | Spider:1 | Reached skill level 5 in Crossbows
 40381 | Spider:1 | Noticed a ghost moth
 40417 | Spider:1 | Killed a ghost moth
 41788 | Spider:1 | Found the +8 longbow "Zephyr" {speed, Dex+3 SInv}
 42249 | Spider:2 | Received a gift from Okawaru
 43150 | Spider:2 | Noticed a ghost moth
 43479 | Spider:1 | Killed a ghost moth
 43479 | Spider:1 | Received a gift from Okawaru
 44507 | Spider:2 | Received a gift from Okawaru
 45373 | Spider:2 | Received a gift from Okawaru
 46050 | Spider:3 | Reached skill level 10 in Crossbows
 46246 | Spider:3 | Reached XP level 16. HP: 87/87 MP: 31/31
 46612 | Spider:3 | Noticed Nikola
 46955 | Spider:3 | Killed Nikola
 46955 | Spider:3 | Received a gift from Okawaru
 47807 | Spider:3 | Found a transporter.
 47816 | Spider:3 | Noticed op1's ghost (adept OpVM)
 47843 | Spider:3 | Found a transporter.
 48053 | Spider:4 | Entered Level 4 of the Spider Nest
 49188 | Shoals:1 | Entered Level 1 of the Shoals
 49300 | Shoals:1 | Found the +3 robe of Clouds {+Thunder rCloud rElec}
 49308 | Shoals:1 | Found a transporter.
 49317 | Shoals:1 | Noticed sangerfol's ghost (adept FoFi)
 49375 | Shoals:1 | Found a transporter.
 49478 | Shoals:1 | Received a gift from Okawaru
 49481 | Shoals:1 | Got a transparent hat {god gift}
 49492 | Shoals:1 | Identified the +1 hat of Wonder {rC- rN+++ Regen+ Int-3}
                  | (Okawaru gifted it to you on level 1 of the Shoals)
 49766 | Shoals:1 | Reached skill level 13 in Dodging
 50214 | Shoals:1 | Got a crystal hand crossbow
 50223 | Shoals:1 | Identified the +6 hand crossbow "Ureuc" {elec, rPois Dex+4}
                  | (You found it on level 1 of the Shoals)
 52277 | Spider:4 | Reached skill level 14 in Dodging
 53448 | Spider:4 | Reached XP level 17. HP: 75/93 MP: 16/32
 53470 | Spider:4 | Received a gift from Okawaru
 53678 | Spider:4 | Got a gossamer rune of Zot
 54149 | Vaults:1 | Entered Level 1 of the Vaults
 54371 | D:14     | Reached skill level 15 in Dodging
 54376 | D:14     | Reached skill level 10 in Evocations
 54734 | D:15     | Received a gift from Okawaru
 54943 | D:15     | Received a gift from Okawaru
 54944 | D:15     | Got an encrusted hat {god gift}
 56415 | D:15     | Noticed Agnes
 56451 | D:15     | Slain by Agnes

Skill      XL: |  1  2  3  4  5  6  7  8  9 10 11 12 13 14 15 16 17 |
---------------+----------------------------------------------------+-----
Stealth        | 1 3 4 5 6 7 |  7.0
Dodging        | 4 5 6 7 8 9 10 12 14 15 | 15.9
Fighting       | 2 3 4 6 7 8 10 11 12 | 12.2
Short Blades   | 3 4 5 6 8 9 11 13 14 | 14.0
Hexes          | 1 2 |  2.2
Necromancy     | 1 2 |  2.8
Throwing       | 1 2 3 |  3.5
Spellcasting   | 3 5 9 10 | 10.4
Bows           | 2 7 10 11 12 13 14 | 14.0
Armour         | 2 3 5 6 7 |  7.0
Invocations    | 2 5 6 |  6.1
Charms         | 6 7 |  7.7
Evocations     | 2 7 9 10 | 10.6
Crossbows      | 10 12 13 | 13.8

Action                   |  1- 3 |  4- 6 |  7- 9 | 10-12 | 13-15 | 16-18 || total
-------------------------+-------+-------+-------+-------+-------+-------++-------
Melee: Short sword       |   140 |   302 |   435 |    63 |       |       ||   940
       Dagger            |       |       |       |       |    66 |     1 ||    67
       Shortbow          |       |       |       |       |     1 |       ||     1
       Rapier            |       |       |       |       |       |    85 ||    85
       Punch             |       |       |       |       |       |     4 ||     4
 Fire: Shortbow          |       |       |   180 |  1149 |  2155 |   666 ||  4150
       Hand crossbow     |       |       |       |       |       |   392 ||   392
Throw: Tomahawk          |       |    33 |    25 |       |       |       ||    58
       Throwing net      |       |       |       |       |       |     1 ||     1
 Cast: Infusion          |    21 |    19 |    31 |       |       |       ||    71
       Shroud of Golubri |     8 |    16 |    34 |     9 |       |       ||    67
       Regeneration      |       |     5 |    16 |    30 |    12 |    14 ||    77
       Spectral Weapon   |       |       |     3 |       |       |       ||     3
       Song of Slaying   |       |       |       |       |    15 |     5 ||    20
Invok: Heroism           |       |       |     1 |    12 |    11 |     7 ||    31
       Finesse           |       |       |       |     4 |     5 |     7 ||    16
 Abil: Evoke Thunderclou |       |       |       |       |       |    21 ||    21
Evoke: Wand              |       |       |       |     4 |       |     6 ||    10
  Use: Scroll            |     2 |     2 |    11 |    12 |    24 |     6 ||    57
       Potion            |       |     5 |     6 |     2 |     4 |     6 ||    23
 Stab: Distracted        |     1 |       |     1 |       |       |       ||     2
       Sleeping          |       |     8 |     7 |       |       |     1 ||    16
       Invisible         |       |       |       |       |       |     6 ||     6
  Eat: Ration            |       |     4 |     6 |     5 |     8 |     9 ||    32
Armor: Robe              |    13 |    19 |    19 |    17 |       |    40 ||   108
       Troll leather arm |       |       |       |     1 |     5 |       ||     6
       Skin              |       |       |       |     1 |       |       ||     1
       Acid dragon scale |       |       |       |       |    88 |    28 ||   116
Dodge: Dodged            |   133 |   226 |   413 |   341 |   713 |   674 ||  2500
       Deflected         |       |       |       |       |    10 |       ||    10
